 Dungeon Crawl Stone Soup version 0.29-a0-194-g6e3aafee17 (webtiles) character file.

Game seed: 12109511895338625512

35926 freelancePsychic the Unseen (level 14, 0/94 HPs)
             Began as a Kobold Hunter on Feb 22, 2022.
             Was a High Priest of Cheibriados.
             Engulfed by a fire crab's flame (22 damage)
             ... on level 6 of the Lair of Beasts.
             The game lasted 00:35:12 (15724 turns).

freelancePsychic the Unseen (Kobold Hunter)        Turns: 15724, Time: 00:35:12

Health: 0/94       AC: 17    Str: 23    XL:     14   Next: 21%
Magic:  21/21      EV: 32    Int: 27    God:    Cheibriados [*****.]
Gold:   308        SH:  0    Dex: 34    Spells: 13/13 levels left

rFire   . . .      SeeInvis .   a - +2 hand crossbow (vorpal)
rCold   . . .      Faith    .   (no shield)
rNeg    . . .      Spirit   .   Q - quicksilver dragon scales
rPois   .          Reflect  .   n - +0 helmet
rElec   .          Harm     .   t - +1 cloak
rCorr   .          Rampage  .   y - +0 pair of gloves
Will    ++...                   J - +0 pair of boots
Stlth   ++++++++..              k - amulet of regeneration
HPRegen 1.05/turn               l - ring of flight
MPRegen 0.17/turn               G - +4 ring of evasion

@: flying, very slow
A: small, no large weapons, nightstalker 3
a: Renounce Religion, Bend Time, Temporal Distortion, Slouch, Step From Time


You were on level 6 of the Lair of Beasts.
You worshipped Cheibriados.
Cheibriados was extremely pleased with you.
You visited 3 branches of the dungeon, and saw 19 of its levels.

You collected 1189 gold pieces.
You spent 881 gold pieces at shops.

Inventory:

Hand Weapons
 a - a +2 vorpal hand crossbow (weapon)
 b - the +7 dagger "Amasez" {vamp, Str+2 Int+2 Dex-5}
   (You found it on level 3 of the Dungeon)

   It occasionally heals its wielder for a portion of the damage dealt when it
   wounds a living foe.
   Str:       It affects your strength (+2).
   Int:       It affects your intelligence (+2).
   Dex:       It affects your dexterity (-5).
Missiles
 x - a throwing net (quivered)
Armour
 n - a +0 helmet (worn)
 s - a +0 ring mail
 t - a +1 cloak (worn)
 y - a +0 pair of gloves (worn)
 J - a +0 pair of boots (worn)
 Q - quicksilver dragon scales (worn)
Jewellery
 k - an amulet of regeneration (around neck)
 l - a ring of flight (left hand)
 q - a ring of ice
 u - a +6 ring of intelligence
 B - a +4 ring of evasion
 G - a +4 ring of evasion (right hand)
 P - a ring of willpower
 U - a ring of ice
Wands
 d - a wand of flame (61)
 r - a wand of acid (8)
 D - a wand of polymorph (12)
 E - a wand of digging (17)
 R - a wand of iceblast (8)
Scrolls
 c - 3 scrolls of enchant weapon
 e - 3 scrolls of fog
 g - 3 scrolls of summoning
 i - 3 scrolls of immolation
 v - 3 scrolls of teleportation {@r4}
 A - a scroll of noise
 I - a scroll of silence
 K - 3 scrolls of amnesia
 N - a scroll of blinking
 S - 4 scrolls of identify {@r1}
 T - 2 scrolls of fear
Potions
 f - 3 potions of brilliance
 h - 2 potions of lignification
 j - a potion of invisibility
 m - a potion of magic
 o - 2 potions of mutation
 p - 5 potions of heal wounds {unknown}
 w - 4 potions of flight {unknown}
 z - 2 potions of cancellation {unknown}
 C - 4 potions of might {unknown}
 H - a potion of attraction {unknown}
 L - a potion of ambrosia {unknown}
 M - 5 potions of curing {@q1}
 O - a potion of degeneration {unknown}
 V - a potion of haste {unknown}


   Skills:
 + Level 13.3 Fighting
 - Level 10.0 Crossbows
 - Level 5.5 Armour
 + Level 11.3 Dodging
 + Level 16.0 Stealth
 + Level 10.6 Invocations
 - Level 5.0 Evocations


You had 13 spell levels left.
You didn't know any spells.
Your spell library contained the following spells:

 Spells                   Type           Power      Damage    Failure   Level
 Foxfire                  Conj/Fire      0%         2x1d4     19%         1
 Pain                     Necr           0%         1d4       19%         1
 Ensorcelled Hibernation  Hex/Ice        0%         N/A       26%         2
 Passwall                 Tmut/Erth      0%         N/A       26%         2
 Conjure Flame            Conj/Fire      0%         6-21      47%         3
 Ignite Poison            Fire/Tmut/Pois 0%         N/A       47%         3
 Inner Flame              Hex/Fire       0%         N/A       47%         3
 Spider Form              Tmut/Pois      0%         N/A       47%         3
 Swiftness                Air            0%         N/A       47%         3
 Tukima's Dance           Hex            0%         N/A       47%         3
 Anguish                  Hex/Necr       0%         N/A       87%         4
 Animate Armour           Summ/Erth      0%         N/A       87%         4
 Cause Fear               Hex            0%         N/A       87%         4
 Flame Wave               Conj/Fire      0%         2d4       87%         4
 Passage of Golubria      Tloc           0%         N/A       87%         4
 Sticky Flame             Conj/Fire      0%         2d3       87%         4
 Agony                    Necr           0%         N/A       99%         5
 Blade Hands              Tmut           0%         N/A       99%         5
 Excruciating Wounds      Necr           0%         N/A       99%         5
 Yara's Violent Unravell  Hex/Tmut       0%         3d3       99%         5
 Iron Shot                Conj/Erth      0%         9d1       100%        6
 Discord                  Hex            0%         N/A       100%        8


Dungeon Overview and Level Annotations

Branches:
Dungeon (12/15)            Temple (1/1) D:5            Lair (6/6) D:11
 Shoals (0/4) Lair:3       Spider (0/4) Lair:3        Slime (0/5) Lair:6
    Orc (0/2) D:11

Altars:
Ashenzari
Cheibriados
Dithmenos
Elyvilon
Fedhas
Gozag
Hepliaklqana
Kikubaaqudgha
Makhleb
Nemelex Xobeh
Okawaru
Ru
Trog
Vehumet
Wu Jian
Yredelemnul
Zin

Shops:
D:5 *   D:6 [

Portals:
Trove: D:11 (give horn of Geryon)

Annotations:
D:2 Sigmund, Terence
D:3 Grinder, Ijyb
D:4 exclusion: downstairs
D:5 Dowan, Duvessa
D:7 exclusions: orange demon and 3 more exclusions
D:8 2 transporters, Zeldest's ghost, novice TrFi
D:9 exclusions: boulder beetle and obsidian statue
D:11 Fannar; Josephine; Snorg
Lair:3 Gastronok


Innate Abilities, Weirdness & Mutations

You are small and have problems with some larger weapons.
You are completely attuned to the shadows.


Message History

There is an entrance to a volcano on this level.
Hurry and find it before the entrance collapses!
There is a stone staircase leading up here.
As you read the scroll of magic mapping, it crumbles to dust.
You feel aware of your surroundings.
You sensed 1 altar, and 2 shops/portals.
You don't know any spells.
Unknown command.
Unknown command.
Found a chain mail.
A fire crab comes into view.
You shoot a bolt.
The bolt hits the fire crab but does no damage.
You shoot a bolt. The bolt hits the fire crab.
The fire crab is lightly wounded.
The fire crab breathes flames at you. The blast of flame engulfs you.
You shoot a bolt. The bolt hits the fire crab.
The fire crab is moderately wounded.
You are engulfed in blazing flames.
The fire crab completely misses you. The fire crab misses you.
You shoot a bolt. The bolt hits the fire crab!
The fire crab is heavily wounded.
You are engulfed in blazing flames.
The fire crab bites you!
You are engulfed in flames!
The fire crab completely misses you.
A four-headed hydra comes into view.
You are too injured to fight recklessly!
You are too injured to fight recklessly!
Shoot: a) +2 hand crossbow (vorpal)
Press: ? - help, Shift-Dir - straight line, f/p - fire crab
Aim: a fire crab (heavily wounded)
You shoot a bolt. The four-headed hydra roars!
The bolt hits the fire crab but does no damage.
The fire crab is heavily wounded.
You are engulfed in blazing flames.
The fire crab bites you.
You are engulfed in flames!
* * * LOW HITPOINT WARNING * * *
The fire crab barely misses you.
You fail to use your ability.
You are engulfed in blazing flames.
You die...

,,,,,,,****,*,,,,,..#.....,,,,,,,
,,,,,,,***,,,*,,,,.......#,,,,,,,
,,,,,,,**,,,,*,,,,,.....<#**,,,,,
,,,,,,,**,,,,,,,,,^,#....#**,,,,,
,,,,,,,,*,,,*,#....###...#,,,,,,*
,,,,,,,*,,,,*##....###..##,,,,,,*
,,,,,,,,,,,,*#.....##...#***,,,,*
,,,,,,,,,,<,##.....#......*,,,,,,
,,,,,,,,,,,,...t@....[.....,,,,,,
,,,,,,,,,,,,...............,,,,,,
©,,,,,,,,,,,..............,,,,,,,
*******,,,,*.##.P.#D.+.#.,**,,,,,
©,,*****,,*,,,#.#.#...##,**,*,,,,
,,*,,,***,*,,***,,,*,,,**,*,,,,,,
**,,*,,**,,,,,,*,^***,,,,,*,,,,,,
,,*,*,***,,,,**,,,,**,,,,,,,,,,,,
*,,*****,,,,,,,,,,,*,,,,,,,,,,,,,


You could see a four-headed hydra and a fire crab.

Vanquished Creatures
  4 hydras
  7 two-headed ogres
  Lodul (D:11)
  6 elephants (Lair:4)
  3 black mambas
  2 merfolk sirens (Lair:3)
  9 cane toads
  An unseen horror (D:11)
  A torpor snail (Lair:3)
  8 komodo dragons
  A polar bear (Lair:1)
  2 merfolk (Lair:3)
  A troll (D:11)
  9 slime creatures (D:10)
  3 blink frogs (Lair:5)
  5 culicivoras (Lair:3)
  5 wraiths (D:11)
  39 yaks
  3 wyverns
  6 basilisks
  4 wargs (D:11)
  Menkaure (D:7)
  2 acid dragons
  7 water moccasins
  6 orc warriors
  3 necrophages
  An ice beast (D:8)
  2 sky beasts
  25 wolves
  5 ogres
  2 centaurs
  A phantom (D:6)
  Blork the orc (D:5)
  11 bullfrogs
  3 gnoll sergeants
  3 scorpions
  A water moccasin zombie (D:5)
  10 killer bees (D:9)
  A jelly (D:5)
  2 howler monkeys
  An electric eel (Lair:1)
  9 wights
  2 bullfrog zombies
  7 centaur zombies
  2 orc priests
  2 hounds
  Crazy Yiuf (D:2)
  2 centaur skeletons
  6 iguanas
  19 orc wizards
  A killer bee zombie (D:8)
  A howler monkey zombie (D:11)
  Robin (D:2)
  11 gnolls
  A howler monkey skeleton (D:5)
  7 adders
  A howler monkey simulacrum (D:9)
  An ufetubus (D:2)
  An adder zombie (D:5)
  3 worms
  2 dart slugs
  27 orcs
  4 endoplasms
  15 goblins
  9 hobgoblins
  6 jackals
  4 quokkas
  4 ball pythons
  8 bats
  3 frilled lizards
  4 kobolds
  5 rats
377 creatures vanquished.

Vanquished Creatures (others)
  15 fungi
  20 plants
35 creatures vanquished.

Grand Total: 412 creatures vanquished

Notes
Turn   | Place    | Note
-------+----------+-------------------------------------------
     0 | D:1      | freelancePsychic the Kobold Hunter began the quest for the
                  | Orb.
     0 | D:1      | Reached XP level 1. HP: 12/12 MP: 1/1
   186 | D:1      | Reached XP level 2. HP: 18/18 MP: 2/2
   286 | D:1      | Reached XP level 3. HP: 22/22 MP: 3/3
  1069 | D:2      | Noticed Terence
  1401 | D:2      | Noticed Robin
  1403 | D:2      | Reached XP level 4. HP: 28/28 MP: 4/4
  1417 | D:2      | Killed Robin
  1527 | D:2      | You are sucked into a shaft and drop 2 floors!
  1651 | D:4      | Reached XP level 5. HP: 32/32 MP: 5/5
  1844 | D:3      | Noticed Ijyb
  1892 | D:3      | Identified the +7 dagger "Amasez" {vamp, Str+2 Int+2 Dex-5}
  1898 | D:3      | Found a faded altar of an unknown god.
  2064 | D:2      | Noticed Sigmund
  2224 | D:2      | Found a runed translucent door.
  2227 | D:2      | Noticed Crazy Yiuf
  2233 | D:2      | Killed Crazy Yiuf
  2534 | D:3      | Noticed Grinder
  2735 | D:4      | Reached XP level 6. HP: 35/38 MP: 6/6
  3318 | D:5      | Entered Level 5 of the Dungeon
  3436 | D:5      | Noticed an ogre
  3510 | D:5      | Found a staircase to the Ecumenical Temple.
  3518 | Temple   | Entered the Ecumenical Temple
  3609 | Temple   | Became a worshipper of Cheibriados the Contemplative
  3682 | D:5      | Noticed a necrophage
  3691 | D:5      | Killed a necrophage
  3692 | D:5      | Reached skill level 2 in Stealth
  3692 | D:5      | Reached XP level 7. HP: 37/44 MP: 7/7
  3732 | D:5      | Reached skill level 1 in Invocations
  3919 | D:5      | Reached skill level 1 in Evocations
  3922 | D:5      | Reached skill level 5 in Fighting
  3922 | D:5      | Reached skill level 3 in Stealth
  3930 | D:5      | Noticed Blork the orc
  3986 | D:5      | Killed Blork the orc
  3987 | D:5      | Reached XP level 8. HP: 38/49 MP: 9/9
  4038 | D:5      | Found Tifalleykh's Assorted Antiques.
  4053 | D:5      | Bought a scroll labelled QOULAMPYIGG for 26 gold pieces
  4053 | D:5      | Bought a scroll of enchant weapon for 195 gold pieces
  4078 | D:5      | Noticed a two-headed ogre
  4101 | D:5      | Noticed a yak
  4144 | D:6      | Reached skill level 10 in Crossbows
  4144 | D:6      | Reached skill level 4 in Stealth
  4148 | D:6      | Reached * piety under Cheibriados
  4209 | D:6      | Found Dobrynya's Dragon-Slaying Spoils.
  4435 | D:6      | Reached skill level 5 in Stealth
  4612 | D:6      | Found a large runed translucent door.
  4613 | D:6      | Found a large runed translucent door.
  4748 | D:6      | Found a shadowy altar of Dithmenos.
  4748 | D:6      | Noticed a two-headed ogre
  4800 | D:5      | Killed a two-headed ogre
  4801 | D:5      | Reached skill level 6 in Stealth
  4801 | D:5      | Reached skill level 5 in Evocations
  4801 | D:5      | Reached XP level 9. HP: 56/56 MP: 10/10
  4836 | D:5      | Identified the +6 falchion "Apheciac" {elec, Int+3}
  4847 | D:5      | Reached skill level 5 in Dodging
  4943 | D:5      | Reached skill level 7 in Stealth
  5047 | D:5      | Noticed Duvessa
  5047 | D:5      | Noticed Dowan
  5214 | D:6      | Killed a two-headed ogre
  5215 | D:6      | Reached skill level 8 in Stealth
  5222 | D:6      | Found a sparkling altar of Nemelex Xobeh.
  5335 | D:7      | Reached XP level 10. HP: 57/63 MP: 11/11
  5614 | D:7      | Noticed Menkaure
  5620 | D:7      | Killed Menkaure
  5620 | D:7      | Reached ** piety under Cheibriados
  5621 | D:7      | Reached skill level 9 in Stealth
  5676 | D:7      | Noticed an orange demon
  5777 | D:7      | Reached skill level 1 in Armour
  6410 | D:8      | Found a transporter.
  6446 | D:8      | Reached skill level 10 in Stealth
  6682 | D:8      | Found a transporter.
  6699 | D:8      | Noticed Zeldest's ghost (novice TrFi)
  6700 | D:8      | Noticed a moth of wrath
  6732 | D:8      | Reached *** piety under Cheibriados
  6886 | D:8      | Found a white marble altar of Elyvilon.
  7119 | D:8      | Reached XP level 11. HP: 69/71 MP: 13/13
  7124 | D:8      | Noticed a deep elf pyromancer
  7261 | D:9      | Noticed a boulder beetle
  7337 | D:9      | Found an ornate altar of the Wu Jian Council.
  7718 | D:9      | Reached **** piety under Cheibriados
  7945 | D:9      | Identified the +1 leather armour of Mumblety Peg {-Tele
                  | rElec Int+7}
  7975 | D:9      | Reached skill level 11 in Stealth
  8003 | D:9      | Noticed an obsidian statue
  8393 | D:10     | Entered Level 10 of the Dungeon
  8424 | D:9      | Reached skill level 5 in Invocations
  8573 | D:10     | Noticed a two-headed ogre
  8577 | D:10     | Killed a two-headed ogre
  8578 | D:10     | Reached skill level 10 in Fighting
  9065 | D:10     | Reached ***** piety under Cheibriados
  9074 | D:10     | Reached skill level 12 in Stealth
  9476 | D:11     | Found a staircase to the Lair.
  9690 | D:11     | Reached XP level 12. HP: 53/78 MP: 16/16
  9733 | D:11     | Found a portal to a secret trove of treasure.
  9742 | D:11     | Identified the +0 pair of gloves of Autumn {rPois rCorr
                  | Slay-5 Stlth+}
  9790 | D:11     | Noticed Josephine
  9878 | D:11     | Noticed a two-headed ogre
  9880 | D:11     | Killed a two-headed ogre
  9880 | D:11     | Noticed a two-headed ogre
  9882 | D:11     | Noticed Lodul
  9893 | D:11     | Noticed a two-headed ogre
  9895 | D:11     | Noticed a two-headed ogre
  9900 | D:11     | Killed a two-headed ogre
  9900 | D:11     | Killed a two-headed ogre
  9906 | D:11     | Killed Lodul
  9909 | D:11     | Killed a two-headed ogre
  9910 | D:11     | Reached skill level 13 in Stealth
 10126 | D:11     | Found a staircase to the Orcish Mines.
 10170 | D:11     | Noticed Snorg
 10303 | D:11     | Noticed Fannar
 10735 | Lair:1   | Entered Level 1 of the Lair of Beasts
 10886 | Lair:1   | Reached skill level 5 in Armour
 11019 | Lair:1   | Reached skill level 14 in Stealth
 11039 | Lair:1   | Reached XP level 13. HP: 59/85 MP: 19/19
 11640 | D:6      | Bought quicksilver dragon scales for 660 gold pieces
 12014 | Lair:2   | Noticed a seven-headed hydra
 12024 | Lair:2   | Killed a seven-headed hydra
 12232 | Lair:2   | Identified the +3 leather armour "Uxtes" {*Corrode rPois
                  | Dex+5 Slay+3}
 12451 | Lair:2   | Noticed a six-headed hydra
 12460 | Lair:2   | Killed a six-headed hydra
 12502 | Lair:2   | You are sucked into a shaft and drop 2 floors!
 12650 | Lair:2   | Reached skill level 10 in Dodging
 12704 | Lair:2   | Reached skill level 15 in Stealth
 13576 | Lair:3   | Found a staircase to the Shoals.
 13828 | Lair:3   | Found a hole to the Spider Nest.
 13896 | Lair:3   | Noticed Gastronok
 14252 | Lair:4   | Reached skill level 10 in Invocations
 14538 | Lair:4   | Noticed a four-headed hydra
 14754 | Lair:4   | Killed a four-headed hydra
 14755 | Lair:4   | Reached XP level 14. HP: 84/94 MP: 18/21
 15356 | Lair:5   | Reached skill level 16 in Stealth
 15708 | Lair:6   | Entered Level 6 of the Lair of Beasts
 15724 | Lair:6   | Engulfed by a fire crab's flame

Illustrated notes

Levels and vault maps discovered:
D:1:      psy_arrival_radial01, layout_basic, serial_glass, glass_columns_a,
          glass_columns_a
D:2:      layout_basic, uniq_robin, uniq_sigmund, uniq_terence,
          uniq_crazy_yiuf_cottage
D:3:      layout_basic, shapermc_ecumenical_altar_petra, uniq_ijyb, uniq_grinder
D:4:      layout_gridville
D:5:      cheibrodos_barr_body, layout_loops_cross, minmay_temple_entry_tees,
          serial_shops, nicolae_shop_window_shopping, uniq_blork_the_orc,
          uniq_duvessa
D:6:      layout_rooms, jmf_multi_god_temple2, nicolae_shop_dragon_depot
D:7:      layout_rooms, lemuel_tele_altar, uniq_amaemon, uniq_menkaure
D:8:      layout_basic, mainiacjoe_overflow_surrounded_room,
          gammafunk_ghost_wrathful_warriors, nzn_random_ring
D:9:      layout_loops_ring, nzn_wu_jian_council_hall, minivault_15,
          hangedman_weighted_door
D:10:     layout_stronghold
D:11:     layout_loops_ring, lair_entry_dummy, minmay_orc_entry_guard_dogs,
          enter_trove_1, uniq_josephine, uniq_fannar, uniq_snorg, uniq_lodul
D:12:     minmay_isolated_rectangles_in_corner, layout_loops_cross
Temple:   minmay_crystal_spiral_temple
Lair:1:   layout_chaotic_city, st_stairs_10, serial_bayou_ford_a
Lair:2:   layout_cave_shapes, lemuel_fruit_fields, lemuel_fruit_tree
Lair:3:   layout_roguey, elwin_shoals_entry_stream,
          hellmonk_spider_entry_life_and_decay, grunt_megastairs_3,
          uniq_gastronok
Lair:4:   layout_roguey, minmay_holes
Lair:5:   layout_concentric_octagons
Lair:6:   grunt_lair_end_beastmaster, layout_regular_city, slime_altar_1,
          gauntlet_entry_generic, enter_volcano_2, gammafunk_ghost_hive

Skill      XL: |  1  2  3  4  5  6  7  8  9 10 11 12 13 14 |
---------------+-------------------------------------------+-----
Crossbows      | 6 7 8 9 10 | 10.0
Fighting       | 3 4 5 6 7 9 10 11 13 | 13.3
Stealth        | 2 3 6 8 10 12 14 15 16 | 16.0
Invocations    | 1 3 6 8 10 | 10.6
Evocations     | 2 5 |  5.0
Dodging        | 4 6 8 9 10 11 | 11.3
Armour         | 1 3 5 |  5.5

Action                   |  1- 3 |  4- 6 |  7- 9 | 10-12 | 13-15 || total
-------------------------+-------+-------+-------+-------+-------++-------
Melee: Dagger            |       |     4 |       |       |       ||     4
       Hand crossbow     |       |       |       |     2 |       ||     2
 Fire: Hand crossbow     |    71 |   131 |   175 |   772 |   492 ||  1641
Invok: Bend Time         |       |       |       |     9 |     5 ||    14
       Slouch            |       |       |       |     3 |     1 ||     4
Evoke: Wand              |       |       |     7 |     6 |     3 ||    16
  Use: Scroll            |       |     5 |     8 |     5 |     9 ||    27
       Potion            |       |       |       |     2 |       ||     2
 Stab: Sleeping          |       |     1 |       |       |       ||     1
Armor: Leather armour    |     5 |    13 |     8 |       |       ||    26
       Ring mail         |       |       |    10 |    97 |     2 ||   109
       Quicksilver drago |       |       |       |       |    79 ||    79
Dodge: Dodged            |    20 |    42 |    66 |   640 |   546 ||  1314

Table legend: (Time is in decaauts)
 A = Elapsed time spent in this place.
 B = Non-inter-level travel time spent in this place.
 C = Inter-level travel time spent in this place.
 D = Time resting spent in this place.
 E = Time spent auto-exploring this place.
 F = Levels seen in this place.
 G = Mean time per level.
                   A        B        C        D        E       F      G
               +--------+--------+--------+--------+--------+-----+--------+
         Total |  22497 |  20997 |   1500 |    273 |  17272 |  19 | 1184.1 |
       Dungeon |  14278 |  13087 |   1191 |    273 |  10496 |  12 | 1189.8 |
        Temple |    176 |     93 |     83 |      0 |     75 |   1 |  176.0 |
          Lair |   8042 |   7817 |    225 |      0 |   6701 |   6 | 1340.3 |
               +--------+--------+--------+--------+--------+-----+--------+

Top non-repeatable levels by time:
    D:11: 2099 daAuts
     D:9: 1944 daAuts
  Lair:3: 1907 daAuts
  Lair:2: 1737 daAuts
    D:10: 1674 daAuts
  Lair:1: 1660 daAuts
     D:8: 1524 daAuts
  Lair:4: 1466 daAuts
  Lair:5: 1246 daAuts
     D:7: 1240 daAuts
     D:5: 1212 daAuts
     D:6: 1158 daAuts
     D:1: 949 daAuts
     D:4: 942 daAuts
     D:2: 882 daAuts
